 Dungeon Crawl Stone Soup version 0.28.0-47-ge53b351184 (webtiles) character file.

Game seed: 9139870485644480559

37688 unlimited1921 the Thaumaturge (level 14, -6/111 HPs)
             Began as a Djinni Fire Elementalist on Apr 26, 2022.
             Was a High Priest of Cheibriados.
             Mangled by Agnes
             ... wielding a +0 lajatang
              (28 damage)
             ... on level 14 of the Dungeon.
             The game lasted 02:35:15 (20393 turns).

unlimited1921 the Thaumaturge (DjFE)               Turns: 20393, Time: 02:35:16

Health: -6/111     AC: 18    Str: 21    XL:     14   Next: 30%
Gold:   363        EV: 15    Int: 38    God:    Cheibriados [*****.] SH: 12 Dex: 29

rFire   + + .      SeeInvis .   Q - +0 long sword (distort)
rCold   x . .      Faith    .   Z - +0 kite shield {reflect}
rNeg    . . .      Spirit   .   b - +3 troll leather armour
rPois   ∞          Reflect  +   (no helmet)
rElec   .          Harm     .   k - +0 cloak
rCorr   .          Rampage  .   A - +3 Mad Mage's Maulers {Infuse+∞ RegenMP Int-3}
Will    +....                   (boots unavailable)
Stlth   +++.......              o - amulet of regeneration
HPRegen 1.88/turn               v - +4 ring of protection
MPRegen 0.00/turn               p - +6 ring of intelligence

@: flying, very slow
A: sickness immunity, fire resistance 2, cold vulnerability 1, float, innate
caster, HP casting, extra vitality 1, robust 1
a: Renounce Religion, Bend Time, Temporal Distortion, Slouch, Step From Time


You were on level 14 of the Dungeon.
You worshipped Cheibriados.
Cheibriados was extremely pleased with you.
You visited 4 branches of the dungeon, and saw 19 of its levels.

You collected 1588 gold pieces.
You spent 1225 gold pieces at shops.

Inventory:

Hand Weapons
 a - a +5 short sword
 n - a +0 war axe
 w - a +1 spear of flaming
 y - a +0 vorpal hand axe
 G - a +1 arbalest
 K - a +3 dire flail of freezing
 P - a +2 eveningstar of protection
 Q - a +0 long sword of distortion (weapon)
Missiles
 c - 26 boomerangs
 e - 331 stones
 x - 165 bolts
 C - a throwing net
 E - 2 curare-tipped darts (quivered)
 H - 18 poisoned darts
 I - 6 javelins
 S - 3 atropa-tipped darts
Armour
 b - a +3 troll leather armour (worn)
 k - a +0 cloak (worn)
 A - the +3 Mad Mage's Maulers (worn) {Infuse+∞ RegenMP Int-3}
   (You bought it in a shop on level 11 of the Dungeon)

   It empowers its wearer's blows with all of their magic.
   It causes its wearer's magical reserves to regenerate more quickly.
   Int:       It affects your intelligence (-3).
 Z - a +0 kite shield of reflection (worn)
Jewellery
 g - a +6 ring of strength
 o - an amulet of regeneration (around neck)
 p - a +6 ring of intelligence (right hand)
 v - a +4 ring of protection (left hand)
 W - a +6 ring of strength
Wands
 t - a wand of digging (7)
 L - a wand of flame (6)
 O - a wand of iceblast (9)
 T - a wand of charming (8)
 X - a wand of mindburst (2)
Scrolls
 l - a scroll of blinking
 m - a scroll of summoning
 u - 8 scrolls of teleportation
 D - a scroll of silence
 F - 2 scrolls of fog
 U - 2 scrolls of fear
Potions
 d - a potion of might {unknown}
 f - a potion of lignification
 h - a potion of mutation
 j - 2 potions of cancellation
 q - 4 potions of brilliance
 s - a potion of berserk rage
 M - 9 potions of curing
 N - 3 potions of heal wounds
 V - a potion of degeneration {unknown}
 Y - a potion of invisibility
Miscellaneous
 i - a box of beasts
 B - a piece from Xom's chessboard (15/15)


   Skills:
 * Level 9.2 Fighting
 + Level 1.3 Long Blades
 + Level 1.9 Crossbows
 - Level 5.6 Throwing
 * Level 8.9 Armour
 + Level 5.3 Dodging
 + Level 4.0 Stealth
 * Level 3.1 Shields
 + Level 13.6 Spellcasting


You had 9 spell levels left.
You knew the following spells:

 Your Spells              Type           Power      Damage    Failure   Level
a - Foxfire               Conj/Fire      100%       2x1d9     1%          1
b - Scorch                Fire           100%       2d10      1%          2
c - Conjure Flame         Conj/Fire      92%        6-21      1%          3
d - Inner Flame           Hex/Fire       92%        N/A       1%          3
e - Flame Wave            Conj/Fire      92%        2d16      1%          4
f - Summon Small Mammal   Summ           100%       N/A       1%          1
g - Wereblood             Tmut           92%        N/A       1%          2
h - Poisonous Vapours     Pois/Air       100%       N/A       1%          2
i - Frozen Ramparts       Ice            100%       1d12      1%          3
j - Metabolic Englaciati  Hex/Ice        46%        N/A       1%          5
k - Iskenderun's Battles  Conj           92%        2d14      1%          5
Your spell library was empty.

Dungeon Overview and Level Annotations

Branches:
Dungeon (15/15)            Temple (1/1) D:6            Lair (0/6) D:8
    Orc (2/2) D:12            Elf (1/3) Orc:2
 Vaults: D:13-14     Depths: D:15

Altars:
Ashenzari
Cheibriados
Dithmenos
Elyvilon
Fedhas
Gozag
Hepliaklqana
Kikubaaqudgha
Makhleb
Nemelex Xobeh
Okawaru
Qazlal
Ru
Sif Muna
Trog
Uskayaw
Vehumet
Wu Jian
Xom
Yredelemnul
Zin
The Shining One
Beogh

Shops:
D:11 [   D:13 *   Orc:2 !=(*=:

Annotations:
D:14 Agnes


Innate Abilities, Weirdness & Mutations

You are immune to sickness and miasma.
You are immune to poison.
Your flesh is very heat resistant. (rF++)
You are vulnerable to cold. (rC-)
You float through the air rather than walking.
You learn spells naturally, not from books.
Your magical power is your life essence.
You have superior vitality. (+4 MHP)
You are robust. (+10% HP)


Message History

Agnes barely misses you. Agnes hits you with a +0 lajatang!!
You block Agnes's attack.
The deep elf pyromancer casts a spell.
The deep elf pyromancer blinks!
You block the fire elemental's attack. You block Agnes's attack.
The fire elemental hits you. The fire elemental burns you! You resist.
Blink to where?
Press: ? - help, Dir - move target, p - Agnes
As you read the scroll of blinking, it crumbles to dust.
Agnes mutters, "I could really go for a good breadfruit right now."
Agnes mutters, "I never trained for this."
There is a stone staircase leading up here.
Agnes completely misses you. Agnes hits you with a +0 lajatang!!
You fly upwards.
There is a stone staircase leading down here.
Casting: Poisonous Vapours (safe; 1% risk of failure)
Confirm with . or Enter, or press ? or * to list all spells.
Casting: Metabolic Englaciation (mildly dangerous; 1% risk of failure)
Press: ? - help, Dir - look around, f - activate You radiate an aura of cold.
Agnes seems to slow down.
Agnes hits you with a +0 lajatang. Agnes hits you but does no damage.
You block Agnes's attack. Agnes barely misses you. You block Agnes's attack.
Casting: Metabolic Englaciation (mildly dangerous; 1% risk of failure)
Confirm with . or Enter, or press ? or * to list all spells.
Aiming: Poisonous Vapours (safe; 1% risk of failure)
Press: ? - help, Dir - move target, f - Agnes
Aim: Agnes, wielding a +0 lajatang and wearing a +0 robe (lightly wounded, fast, very poisoned, slow) Poisonous vapours surround Agnes!
Agnes looks as sick as possible!
Agnes hits you with a +0 lajatang!
Agnes says, "You will find the Path of Peace easy to follow, in death."
You block Agnes's attack.
Agnes is no longer moving slowly.
Agnes hits you with a +0 lajatang!
* * * LOW HITPOINT WARNING * * *
You block Agnes's attack.
You feel much better. Agnes hits you with a +0 lajatang.
You block Agnes's attack. x2
Agnes hits you with a +0 lajatang!!
* * * LOW HITPOINT WARNING * * *
Agnes hits you but does no damage. Agnes hits you with a +0 lajatang!!
You die...

#######
#.....######
#...........
#...........
#...........
#.....≈PP...
.♣P.###...>.P≈≈≈≈P
..≈≈...@i..≈≈≈PP≈≈
≈≈≈≈≈≈♣...PPP♣♣♣♣≈
..≈≈≈≈≈♣..≈≈♣♣
≈.≈≈≈≈≈≈.P.P≈♣
.≈≈≈≈≈≈♣..≈≈≈♣
≈♣≈≈≈≈≈♣.#.P≈≈♣
≈P≈≈P♣.##P≈≈≈
≈≈≈≈≈P .# #.PP


You could see Agnes (fast, very poisoned).

Vanquished Creatures
  Donald (Orc:2)
  An orc warlord (Orc:2)
  Josephine (D:11)
  A hydra (D:13)
  2 centaur warriors (D:13)
  3 ogre magi (Orc:2)
  8 two-headed ogres
  A tengu warrior (D:14)
  A swamp dragon (shapeshifter) (D:14)
  A deep elf zephyrmancer (Elf:1)
  Pikel (D:4)
  2 orc knights (Orc:2)
  8 orc sorcerers (Orc:2)
  A cyclops (Orc:2)
  2 manticores
  5 ugly things (D:15)
  A guardian serpent (shapeshifter) (D:15)
  2 gargoyles (D:11)
  2 rime drakes (Orc:1)
  A kobold demonologist (D:12)
  A tengu conjurer (D:14)
  A queen bee (shapeshifter) (D:13)
  6 trolls
  7 slime creatures
  A hornet (D:8)
  A meliai zombie (D:11)
  A wyvern (D:9)
  A water elemental (D:14)
  9 yaks
  A yak (shapeshifter) (D:14)
  8 wraiths
  A human (shapeshifter) (D:13)
  A basilisk (D:12)
  Grum (D:8)
  2 steam dragons
  12 vampire mosquitoes
  4 wargs
  3 water moccasins
  4 acid dragons
  2 hell hounds (Orc:1)
  2 ice beasts
  14 orc warriors
  2 wolves (D:8)
  A black bear (D:5)
  7 ogres
  8 centaurs
  2 phantoms
  2 kobold brigands
  6 bullfrogs
  2 gnoll sergeants
  A water moccasin zombie (D:6)
  3 scorpions
  3 water moccasin skeletons
  5 wights (D:6)
  4 howler monkeys
  A jelly (D:6)
  A centaur zombie (D:5)
  2 hounds
  11 orc priests
  A centaur skeleton (D:5)
  4 iguanas
  27 orc wizards
  A killer bee zombie (D:6)
  15 gnolls
  A howler monkey skeleton (D:5)
  6 adders
  2 shadow imps (D:6)
  2 white imps
  A worm (D:4)
  2 dart slugs
  62 orcs
  4 ball pythons
  5 endoplasms
  A giant cockroach (D:2)
  4 goblins
  12 hobgoblins
  3 jackals (D:2)
  13 kobolds
  5 quokkas
  2 bats
  6 frilled lizards
  2 rats (D:1)
370 creatures vanquished.

Vanquished Creatures (collateral kills)
  15 foxfires
15 creatures vanquished.

Vanquished Creatures (others)
  1362 foxfires
  17 fungi (D:8)
  39 plants
1418 creatures vanquished.

Grand Total: 1803 creatures vanquished

Notes
Turn   | Place    | Note
-------+----------+-------------------------------------------
     0 | D:1      | unlimited1921 the Djinni Fire Elementalist began the quest
                  | for the Orb.
     0 | D:1      | Reached XP level 1. HP: 15/15 MP: 0/0
   267 | D:1      | Reached XP level 2. HP: 10/21 MP: 0/0
  1850 | D:1      | Reached XP level 3. HP: 19/25 MP: 0/0
  1850 | D:1      | Learned a level 1 spell: Summon Small Mammal
  2381 | D:2      | Reached skill level 3 in Spellcasting
  2405 | D:2      | Reached XP level 4. HP: 13/31 MP: 0/0
  2406 | D:2      | Reached skill level 1 in Fighting
  4619 | D:3      | Reached XP level 5. HP: 34/37 MP: 0/0
  4619 | D:3      | Learned a level 2 spell: Wereblood
  5472 | D:4      | Reached skill level 4 in Spellcasting
  5541 | D:4      | Reached XP level 6. HP: 23/43 MP: 0/0
  5722 | D:4      | Noticed Pikel
  5749 | D:4      | Killed Pikel
  5750 | D:4      | Reached skill level 5 in Spellcasting
  5750 | D:4      | Reached XP level 7. HP: 30/50 MP: 0/0
  5750 | D:4      | Learned a level 2 spell: Poisonous Vapours
  5750 | D:4      | Reached XP level 8. HP: 34/56 MP: 0/0
  5905 | D:4      | Reached skill level 6 in Spellcasting
  6183 | D:5      | Entered Level 5 of the Dungeon
  7284 | D:5      | Reached skill level 1 in Crossbows
  7589 | D:6      | Reached XP level 9. HP: 59/63 MP: 0/0
  7589 | D:6      | Learned a level 3 spell: Frozen Ramparts
  7654 | D:6      | Reached skill level 7 in Spellcasting
  7824 | D:6      | Found a staircase to the Ecumenical Temple.
  7855 | D:6      | Reached skill level 1 in Armour
  7930 | Temple   | Entered the Ecumenical Temple
  8664 | D:6      | Noticed a troll
  8669 | D:6      | Noticed a troll
  8914 | D:6      | Reached skill level 5 in Fighting
  9087 | D:6      | Killed a troll
  9208 | D:6      | Killed a troll
  9209 | D:6      | Reached skill level 8 in Spellcasting
  9339 | D:6      | Reached XP level 10. HP: 30/70 MP: 0/0
 10676 | D:8      | Reached skill level 9 in Spellcasting
 10741 | D:8      | Found a staircase to the Lair.
 10918 | D:8      | Noticed Grum
 10928 | D:8      | Killed Grum
 11292 | D:8      | Found a snail-covered altar of Cheibriados.
 11300 | D:8      | Became a worshipper of Cheibriados the Contemplative
 12035 | D:9      | Reached skill level 1 in Throwing
 12102 | D:9      | Reached XP level 11. HP: 56/76 MP: 0/0
 12102 | D:9      | Learned a level 5 spell: Metabolic Englaciation
 12125 | D:9      | Found a flagged portal.
 12859 | D:10     | Entered Level 10 of the Dungeon
 12941 | D:11     | Noticed a two-headed ogre
 12951 | D:11     | Killed a two-headed ogre
 12952 | D:11     | Reached skill level 10 in Spellcasting
 13080 | D:11     | Noticed Josephine
 13100 | D:11     | Killed Josephine
 13101 | D:11     | Reached skill level 5 in Armour
 13296 | D:11     | Reached * piety under Cheibriados
 13493 | D:11     | Noticed a two-headed ogre
 13502 | D:11     | Killed a two-headed ogre
 13918 | D:11     | Found Joum's Armour Shop.
 13995 | D:11     | Bought a +0 cloak for 45 gold pieces
 13995 | D:11     | Bought the +3 Mad Mage's Maulers {Infuse+∞ RegenMP Int-3}
                  | for 400 gold pieces
 13995 | D:11     | Found the +3 Mad Mage's Maulers {Infuse+∞ RegenMP Int-3}
 14632 | D:12     | Noticed a two-headed ogre
 14647 | D:12     | Killed a two-headed ogre
 14648 | D:12     | Reached skill level 11 in Spellcasting
 14648 | D:12     | Reached XP level 12. HP: 85/85 MP: 0/0
 14702 | D:12     | Reached ** piety under Cheibriados
 14733 | D:12     | Noticed a two-headed ogre
 14735 | D:12     | Noticed a two-headed ogre
 14738 | D:12     | Killed a two-headed ogre
 14739 | D:12     | Killed a two-headed ogre
 14751 | D:12     | Found a staircase to the Orcish Mines.
 15728 | D:12     | Got the Incunabulum of Supportive Feathers
 15949 | Orc:1    | Entered Level 1 of the Orcish Mines
 16054 | Orc:2    | Entered Level 2 of the Orcish Mines
 16063 | Orc:2    | Reached *** piety under Cheibriados
 16168 | Orc:2    | Noticed an orc warlord
 16177 | Orc:2    | Killed an orc warlord
 16178 | Orc:2    | Reached skill level 5 in Throwing
 16246 | Orc:2    | Found Farautrysh's Book Shop.
 16308 | Orc:2    | Noticed a two-headed ogre
 16322 | Orc:2    | Killed a two-headed ogre
 16354 | Orc:2    | Reached skill level 12 in Spellcasting
 16369 | Orc:2    | Noticed Donald
 16383 | Orc:2    | Reached XP level 13. HP: 92/92 MP: 0/0
 16383 | Orc:2    | Learned a level 5 spell: Iskenderun's Battlesphere
 16421 | Orc:2    | Reached **** piety under Cheibriados
 16509 | Orc:2    | Killed Donald
 16521 | Orc:2    | Noticed an ogre mage
 16526 | Orc:2    | Killed an ogre mage
 16555 | Orc:2    | Found Comoukowk's Jewellery Shop.
 16607 | Orc:2    | Noticed an ogre mage
 16612 | Orc:2    | Killed an ogre mage
 16628 | Orc:2    | Noticed an ogre mage
 16640 | Orc:2    | Killed an ogre mage
 16666 | Orc:2    | Found Reggyleng's Antique Weapon Shop.
 16690 | Orc:2    | Reached skill level 1 in Long Blades
 16690 | Orc:2    | Reached skill level 1 in Shields
 16846 | Orc:2    | Found Fischac's Distillery.
 16847 | Orc:2    | Found Xiuruum's Jewellery Shop.
 16857 | Orc:2    | Bought a potion of brilliance for 60 gold pieces
 16857 | Orc:2    | Bought a potion of curing for 45 gold pieces
 16857 | Orc:2    | Bought a potion of heal wounds for 75 gold pieces
 16857 | Orc:2    | Bought a potion of brilliance for 60 gold pieces
 16857 | Orc:2    | Bought a potion of brilliance for 60 gold pieces
 16870 | Orc:2    | Gained mutation: You are robust. (+10% HP) [potion of
                  | mutation]
 16989 | Orc:2    | Found Veluacw's Overcharged Wands.
 17135 | Orc:2    | Found a staircase to the Elven Halls.
 17576 | Elf:1    | Entered Level 1 of the Elven Halls
 17605 | Elf:1    | Paralysed by an air elemental for 1 turns
 17856 | Orc:1    | Reached ***** piety under Cheibriados
 18780 | D:12     | Reached skill level 13 in Spellcasting
 18910 | D:13     | Found Zazuth's Assorted Antiques.
 19036 | D:13     | Bought a scroll of identify for 64 gold pieces
 19036 | D:13     | Bought a scroll of identify for 64 gold pieces
 19036 | D:13     | Bought a potion of curing for 96 gold pieces
 19036 | D:13     | Bought a potion of heal wounds for 160 gold pieces
 19036 | D:13     | Bought a potion of curing for 96 gold pieces
 19132 | D:13     | Noticed an eight-headed hydra
 19141 | D:13     | Killed an eight-headed hydra
 19142 | D:13     | Reached skill level 5 in Dodging
 19393 | D:13     | Noticed a centaur warrior
 19402 | D:13     | Killed a centaur warrior
 19614 | D:13     | Noticed a centaur warrior
 19624 | D:13     | Killed a centaur warrior
 19689 | D:13     | Reached XP level 14. HP: 101/108 MP: 0/0
 20204 | D:15     | Entered Level 15 of the Dungeon
 20379 | D:15     | Noticed Agnes
 20393 | D:14     | Mangled by Agnes

Illustrated notes

Levels and vault maps discovered:
D:1:      onia_arrival_mini_spirals, layout_loops_ring, serial_bayou_lake_a
D:2:      layout_basic
D:3:      layout_loops_ring, minmay_door_square
D:4:      layout_cave_pools, uniq_pikel
D:5:      layout_layer_cave
D:6:      kennysheep_windowed_halls, layout_basic,
          minmay_temple_entry_offerings, minmay_statues_item
D:7:      layout_basic
D:8:      layout_basic, marbit_many_paths, grunt_lair_entry_orc_guard_hut,
          uniq_grum
D:9:      layout_gridville, enter_bailey_4
D:10:     layout_rooms, fungi_pond_lemuel, nicolae_elevator_lobby_asterisk
D:11:     layout_stronghold, serial_shops, nicolae_shop_hallway_stairs,
          uniq_josephine
D:12:     layout_loops_corners, orc_0_dummy
D:13:     layout_loops_ring, serial_shops, shop
D:14:     minmay_the_grid_triangle_9x9_recursive_2
          [minmay_the_grid_triangle_9x9_prize_schism,
          minmay_the_grid_triangle_9x9_corrupted_corridor,
          minmay_the_grid_triangle_9x9_steps,
          minmay_the_grid_triangle_9x9_windchime], layout_irregular_city,
          david_vaults_2, serial_bayou, serial_bayou_pond_a,
          serial_bayou_pond_c, serial_bayou_shore_b, serial_bayou_pond_a,
          serial_bayou_ford_a, serial_bayou_shore_b,
          nicolae_elyvilon_temple_path, hangedman_aviary
D:15:     gammafunk_depths_entry_grave, layout_cave_pools,
          lemuel_coloured_pillars_altar, gauntlet_entry_generic, uniq_agnes,
          uniq_rupert
Temple:   mainiacjoe_temple_starburst
Orc:1:    layout_diamond_mine, enter_volcano_3, portal_ice_cave_rime
Orc:2:    kennysheep_orc_mage_school, layout_caves, serial_shops,
          nicolae_shop_temple_entry_statues_fountains, basic_altar,
          nicolae_shop_overcharged_wands, uniq_donald
Elf:1:    eino_elf_arrival_shootout, layout_loops_ring,
          kennysheep_underground_church, grunt_megastairs_1

Skill      XL: |  1  2  3  4  5  6  7  8  9 10 11 12 13 14 |
---------------+-------------------------------------------+-----
Spellcasting   | 3 4 5 6 8 9 11 12 13 | 13.6
Fighting       | 1 2 3 4 5 6 7 8 9 |  9.2
Stealth        | 2 3 4 |  4.0
Crossbows      | 1 |  1.9
Dodging        | 3 4 5 |  5.3
Armour         | 3 4 5 6 8 |  8.9
Throwing       | 1 3 5 |  5.6
Long Blades    | 1 |  1.3
Shields        | 2 3 |  3.1

Action                   |  1- 3 |  4- 6 |  7- 9 | 10-12 | 13-15 || total
-------------------------+-------+-------+-------+-------+-------++-------
Melee: Arbalest          |       |       |     2 |       |       ||     2
       Long sword        |       |       |       |    44 |    46 ||    90
       Punch             |       |       |       |     2 |       ||     2
 Fire: Arbalest          |       |       |    20 |       |       ||    20
Throw: Dart              |       |       |     3 |       |       ||     3
 Cast: Foxfire           |    51 |   147 |   177 |   297 |   173 ||   845
       Scorch            |     7 |    22 |    29 |    85 |    93 ||   236
       Inner Flame       |       |     4 |    16 |   112 |    57 ||   189
       Poisonous Vapours |       |       |    13 |    29 |    54 ||    96
       Frozen Ramparts   |       |       |     3 |     2 |       ||     5
       Flame Wave        |       |       |     1 |     3 |     7 ||    11
       Summon Small Mamm |       |       |     1 |    20 |     4 ||    25
       Wereblood         |       |       |     1 |       |       ||     1
       Metabolic Englaci |       |       |       |     2 |     1 ||     3
       Iskenderun's Batt |       |       |       |       |    13 ||    13
  Use: Scroll            |       |     3 |     5 |     6 |    11 ||    25
       Potion            |       |       |     3 |     1 |     7 ||    11
 Stab: Distracted        |       |       |       |     1 |       ||     1
Armor: Robe              |       |     5 |    14 |       |       ||    19
       Troll leather arm |       |       |     4 |    48 |    62 ||   114
Dodge: Dodged            |     2 |    15 |    60 |    82 |    83 ||   242
Block: Kite shield       |       |       |       |       |    97 ||    97
       Reflection        |       |       |       |       |    10 ||    10
